 Dungeon Crawl Stone Soup version 0.28-a0-861-ge64d6db94f (webtiles) character file.

Game seed: 7625718966359215717

17 Zenkrye the Ruffian (level 2, -3/23 HPs)
             Began as a Palentonga Transmuter on Nov 15, 2021.
             Slain by a kobold (6 damage)
             ... on level 1 of the Dungeon.
             The game lasted 00:01:17 (485 turns).

Zenkrye the Ruffian (Palentonga Transmuter)          Turns: 485, Time: 00:01:17

Health: -3/23      AC:  4    Str: 13    XL:     2   Next: 44%
Magic:  4/5        EV:  9    Int: 13    God:
Gold:   42         SH:  0    Dex: 10    Spells: 4/5 levels left

rFire   . . .      SeeInvis +     - Unarmed
rCold   . . .      Faith    .   (no shield)
rNeg    . . .      Spirit   .   a - +0 robe
rPois   .          Reflect  .   (helmet currently unavailable)
rElec   .          Harm     .   (no cloak)
rCorr   .          Rampage  .   (no gloves)
Will    .....                   (no barding)
Stlth   +.........              (no amulet)
HPRegen 0.07/turn               (no ring)
MPRegen 0.09/turn               (no ring)

@: appendages (expiring)
A: horns 2, talons 2, large, rugged brown scales 3, see invisible, deformed
body, roll 1, armoured tail
a: Rolling Charge, End Transformation


You were on level 1 of the Dungeon.
You had temporarily grown beastly horns and talons.
You visited 1 branch of the dungeon, and saw 1 of its levels.

You collected 42 gold pieces.

Inventory:

Missiles
 d - a throwing net {!f}
 e - 16 bolts
 g - 21 sling bullets
Armour
 a - a +0 robe (worn)
 c - a +0 chain mail
 i - a +0 scale mail
Scrolls
 b - a scroll of summoning {unknown}
 f - a scroll of teleportation {unknown}
 j - a scroll of silence {unknown}
Potions
 h - a potion of heal wounds {unknown}


   Skills:
 + Level 1.9 Fighting
 - Level 1.5 Dodging
 + Level 3.4 Unarmed Combat
 - Level 2.0 Spellcasting
 - Level 2.0 Transmutations


You had 4 spell levels left.
You knew the following spells:

 Your Spells              Type           Power      Damage    Failure   Level
a - Beastly Appendage     Tmut           12%        N/A       11%         1

Your spell library contained the following spells:

 Spells                   Type           Power      Damage    Failure   Level
 Wereblood                Tmut           6%         N/A       17%         2
 Spider Form              Tmut/Pois      3%         N/A       45%         3
 Ice Form                 Ice/Tmut       3%         N/A       86%         4


Dungeon Overview and Level Annotations

Branches:
Dungeon (1/15)

Altars:


Innate Abilities, Weirdness & Mutations

You have temporarily grown beastly horns and talons.
You are completely covered in rugged brown scales. (AC +3, +7% HP)
You have supernaturally acute eyesight. (SInv)
Armour fits poorly on your strangely shaped body.
You can roll at nearby foes to attack.
You have a long armoured tail.


Message History

You kill the rat!
No target in view!
No target in view!
You see here a rat corpse.
j - a scroll labelled EDGHIZ GIPRI A quokka comes into view.
The quokka bites you but does no damage.
You closely miss the quokka. The quokka completely misses you.
The kobold shouts!
You hit the quokka.
Your tail-slap misses the quokka.
The quokka is lightly wounded.
The quokka bites you.
You hit the quokka.
The quokka is moderately wounded.
The quokka bites you.
A quokka comes into view.
The quokka bites you but does no damage.
Casting: Beastly Appendage (safe; 11% risk of failure)
Confirm with . or Enter, or press ? or * to list all spells.
You grow a pair of large bovine horns.
Your feet morph into talons.
The quokka closely misses you.
You miss the quokka. Your kick misses the quokka.
You headbutt the quokka, but do no damage.
Your tail-slap misses the quokka.
The quokka is moderately wounded.
The quokka barely misses you. The kobold hits you with a +3 whip.
You miss the quokka.
The quokka is moderately wounded.
The quokka barely misses you. The kobold hits you with a +3 whip.
You hit the kobold. Your kick misses the kobold.
Your tail-slap misses the kobold.
The kobold is severely wounded.
The quokka bites you. The kobold hits you with a +3 whip.
You hit the kobold but do no damage. You claw the kobold, but do no damage.
The kobold is severely wounded.
Your transformation is almost over.
The quokka bites you.
* * * LOW HITPOINT WARNING * * *
The kobold hits you with a +3 whip.
You die...

# #.# #.# #...#...# #
#.# #.# #.#.###.# # #.#
#.###.#†..#.###### # #.#
#.....#####......# # #.#
#.....#####......# #
#.####.###.#...#.###..#
# #........#.#.#.#.#
##.# #
#######..#...#...# #.# #
#.@######### #.### #
#.Kr.....# #....
########### ...r......#
####.
..............###......#
##.. ###.##########
.###### ##..# ##..# .#
####..## ...## .#
.....##. #### .#
#####... # ##....


You could see 2 quokkas and a kobold.

Vanquished Creatures
  A dart slug (D:1)
  A bat (D:1)
  2 endoplasms (D:1)
  A giant cockroach (D:1)
  A goblin (D:1)
  2 hobgoblins (D:1)
  A jackal (D:1)
  2 frilled lizards (D:1)
  3 rats (D:1)
14 creatures vanquished.

Notes
Turn   | Place    | Note
-------+----------+-------------------------------------------
     0 | D:1      | Zenkrye the Palentonga Transmuter began the quest for the
                  | Orb.
     0 | D:1      | Reached XP level 1. HP: 16/16 MP: 3/3
   183 | D:1      | Reached XP level 2. HP: 16/22 MP: 3/5
   485 | D:1      | Slain by a kobold

Illustrated notes

Levels and vault maps discovered:
D:1:      dpeg_arrival_shrine, layout_rooms, bh_walls_and_bars

Action                   || total
-------------------------++-------
Melee: Unarmed           ||    34
       Headbutt          ||     5
       Kick              ||     6
       Tailslap          ||     1
 Cast: Beastly Appendage ||     8
Armor: Robe              ||    24
Dodge: Dodged            ||    29

Table legend: (Time is in decaauts)
 A = Elapsed time spent in this place.
 B = Non-inter-level travel time spent in this place.
 C = Inter-level travel time spent in this place.
 D = Time resting spent in this place.
 E = Time spent auto-exploring this place.
 F = Levels seen in this place.
 G = Mean time per level.
                   A        B        C        D        E       F      G
               +--------+--------+--------+--------+--------+-----+--------+
         Total |    484 |    484 |      0 |      0 |    360 |   1 |  484.0 |
       Dungeon |    484 |    484 |      0 |      0 |    360 |   1 |  484.0 |
               +--------+--------+--------+--------+--------+-----+--------+

Top non-repeatable levels by time:
     D:1: 484 daAuts
